 Dungeon Crawl Stone Soup version 0.20-a0-382-g289d6af (webtiles) character file.

22 Da5id the Caller (level 2, 0/15 HPs)
             Began as a Tengu Summoner on Dec 28, 2016.
             Succumbed to an adder's poison
             ... on level 1 of the Dungeon.
             The game lasted 00:02:19 (1476 turns).

Da5id the Caller (Tengu Summoner)                   Turns: 1476, Time: 00:02:19

Health: 0/15       AC:  2    Str:  8    XL:     2   Next: 91%
Magic:  4/6        EV: 12    Int: 15    God:
Gold:   55         SH:  0    Dex: 14    Spells: 2/5 levels left

rFire  . . .     SeeInvis .     d - +0 whip
rCold  . . .     Gourm    .     a - +0 robe
rNeg   . . .     Faith    .     (no shield)
rPois  .         Spirit   .     (helmet restricted)
rElec  .         Reflect  .     (no cloak)
rCorr  .         Harm     .     (no gloves)
MR     .....                    (boots unavailable)
Stlth  ++........               (no amulet)
                                (no ring)
                                (no ring)

@: lethally poisoned (0 -> -13)
A: beak, talons 3
a: no special abilities


You were on level 1 of the Dungeon.
You were very hungry.

You visited 1 branch of the dungeon, and saw 1 of its levels.

You collected 55 gold pieces.

Inventory:

Hand Weapons
 d - a +0 whip (weapon)
Missiles
 f - 12 poisoned needles
Armour
 a - a +0 robe (worn)
Scrolls
 e - 2 scrolls of identify {unknown}
 h - a scroll of amnesia {unknown}
 l - a scroll of teleportation {unknown}
Potions
 g - a potion of haste {unknown}
 i - a potion of cancellation {unknown}
 n - 2 potions of curing {unknown}
Books
 b - a book of Callings

   Spells                             Type                      Level
   a - Summon Small Mammal            Summoning                    1
   b - Call Imp                       Summoning                    2
   c - Call Canine Familiar           Summoning                    3
   d - Summon Guardian Golem          Hexes/Summoning              3
   e - Summon Lightning Spire         Summoning/Air                4
   f - Summon Ice Beast               Ice/Summoning                4
Comestibles
 c - a bread ration
 j - a meat ration
 k - 4 fruits
 m - a slice of pizza


   Skills:
 - Level 2.1 Dodging
 - Level 2.0 Stealth
 - Level 2.0 Spellcasting
 + Level 5.8 Summonings


You had 2 spell levels left.
You knew the following spells:

 Your Spells              Type           Power        Failure   Level  Hunger
a - Summon Small Mammal   Summ           ###.         1%          1    #......
b - Call Imp              Summ           ###.....     3%          2    ###....


Dungeon Overview and Level Annotations

Branches:
Dungeon (1/15)

Altars:


Innate Abilities, Weirdness & Mutations

You have a beak for a mouth.
You have claws for feet.


Message History

The adder misses you.
You miss the adder. The adder bites you.
You are lethally poisoned!
The adder poisons you!
Your crimson imp blinks!
You barely miss the adder. You claw the adder.
The adder is lightly wounded.
* * * LOW HITPOINT WARNING * * *
You feel sick. The adder bites you.
* * * LOW HITPOINT WARNING * * *
You hit the adder. You peck the adder.
The adder is heavily wounded.
* * * LOW HITPOINT WARNING * * *
You feel sick. The adder bites you.
* * * LOW HITPOINT WARNING * * *
You are more poisoned.
The adder poisons you! The adder closely misses you.
You closely miss the adder.
The adder is heavily wounded.
You die...

##### #...# #...#
#...# ####...###
#####..'...'..
########......#..ยง###
#..@S...5..#..#...5..
#.######.#)#..##'####
#.######.#(#####.##.5
.........(.........5#
##.######.######..####
#.######.## #..# #
r......(..# #.## ##
########..## #.# ##.
#...# #.###..


You could see an adder and a friendly crimson imp.

Vanquished Creatures
  A ball python (D:1)
  2 goblins (D:1)
  4 hobgoblins (D:1)
  A jackal (D:1)
  A kobold (D:1)
  A frilled lizard (D:1)
10 creatures vanquished.

Vanquished Creatures (collateral kills)
  An ooze (D:1)
  A goblin (D:1)
  2 hobgoblins (D:1)
  3 jackals (D:1)
  A frilled lizard (D:1)
  A kobold (D:1)
9 creatures vanquished.

Grand Total: 19 creatures vanquished

Notes
Turn   | Place    | Note
-------+----------+-------------------------------------------
     0 | D:1      | Da5id the Tengu Summoner began the quest for the Orb.
     0 | D:1      | Reached XP level 1. HP: 10/10 MP: 4/4
    81 | D:1      | Reached skill level 5 in Summonings
   774 | D:1      | Reached XP level 2. HP: 10/15 MP: 3/6
   797 | D:1      | Learned a level 2 spell: Call Imp
  1476 | D:1      | Succumbed to an adder's poison

Vault maps used:
D:1:      dpeg_arrival_snail, minmay_crystal_water, solitary_fountain

Skill      XL: |  1 |
---------------+----+-----
Summonings     | 5 |  5.8
Dodging        | |  2.1
Stealth        | |  2.0
Spellcasting   | |  2.0

Action                   || total
-------------------------++-------
Melee: Whip              ||    34
       Kick              ||     7
       Peck              ||     3
 Cast: Summon Small Mamm ||     9
       Call Imp          ||     5
  Eat: Chunk             ||     1
Armor: Robe              ||     3
Dodge: Dodged            ||    37
